 Dungeon Crawl Stone Soup version 0.31-a0-1338-gb567cfdca4 (webtiles) character file.

Game seed: 13975662584191279792

38108 lessens the Nimble (level 14, -1/108 (113) HPs)
             Began as a Gnoll Monk on Nov 19, 2023.
             Was the Champion of Okawaru.
             Killed from afar by an orc sorcerer (23 damage)
             ... with a bolt of negative energy
             ... on level 1 of the Orcish Mines on Dec 21, 2023.
             The game lasted 00:39:06 (20461 turns).

lessens the Nimble (Gnoll Monk)                    Turns: 20461, Time: 00:39:07

HP:   -1/108 (113)  AC: 12    Str: 12    XL:     14   Next: 0%
MP:   27/27         EV: 16    Int: 11    God:    Okawaru [******]
Gold: 1842          SH:  0    Dex: 17    Spells: 31/31 levels left

rFire   + . .        P - +6 battleaxe
rCold   + . .        (shield currently unavailable)
rNeg    . . .        J - +0 swamp dragon scales
rPois   +            (no helmet)
rElec   .            W - +0 cloak of Faecor {rF+ Dex+2 SInv}
rCorr   .            (no gloves)
SInv    +            l - +0 pair of boots
Will    ++...        O - amulet of regeneration
Stlth   ++           R - ring "Etifrogh" {Fly rPois rC+ Str-2}
HPRegen 1.18/turn    M - ring of willpower
MPRegen 0.20/turn

%: no passive effects
@: on fire, flying, glowing, lightly drained
A: fangs 1, strong nose, distributed training
a: Renounce Religion, Heroism, Finesse, Duel


You were on level 1 of the Orcish Mines.
You worshipped Okawaru.
Okawaru was exalted by your worship.
You visited 3 branches of the dungeon, and saw 17 of its levels.

You collected 2527 gold pieces.
You spent 685 gold pieces at shops.

Inventory:

Hand Weapons
 b - a +0 broad axe
 P - a +6 battleaxe (weapon)
 S - a +2 war axe of flaming
Missiles
 a - a javelin
 e - 140 stones
 g - 3 curare-tipped darts
 E - 3 throwing nets
 K - 4 boomerangs
 N - 3 atropa-tipped darts
 Q - 4 silver javelins (quivered)
 X - 20 poisoned darts
Armour
 d - an orb of light
 l - a +0 pair of boots (worn)
 D - the +0 helmet "Patalac" {Slay+4}
   (You found it on level 2 of the Lair of Beasts)

   Slay+4:    It affects your accuracy & damage with ranged weapons and melee
   (+4).
 G - an orb of guile
 H - a +2 robe of fire resistance
 J - +0 swamp dragon scales (worn)
 W - the +0 cloak of Faecor (worn) {rF+ Dex+2 SInv}
   (Okawaru gifted it to you on level 10 of the Dungeon)

   Dex+2:     It affects your dexterity (+2).
   rF+:       It protects you from fire.
   SInv:      It lets you see invisible.
Jewellery
 t - an amulet of regeneration
 u - a +6 ring of strength
 M - a ring of willpower (right hand)
 O - an amulet of regeneration (around neck)
 R - the ring "Etifrogh" (left hand) {Fly rPois rC+ Str-2}
   (You bought it in a shop on level 1 of the Dungeon)

   [ring of flight]

   Str-2:     It affects your strength (-2).
   rC+:       It protects you from cold.
   rPois:     It protects you from poison Fly: It grants you flight.
 T - a ring of resist corrosion
Wands
 x - a wand of digging (7)
 y - a wand of paralysis (2)
 z - a wand of light (15)
 I - a wand of iceblast (8)
 Z - a wand of flame (8)
Scrolls
 f - a scroll of identify
 h - 2 scrolls of amnesia
 k - 2 scrolls of fog
 n - 10 scrolls of enchant armour
 o - 2 scrolls of vulnerability
 q - 6 scrolls of teleportation
 r - 5 scrolls of revelation
 v - a scroll of silence
 w - a scroll of summoning {unknown}
 C - a scroll of brand weapon {unknown}
 V - a scroll of poison {unknown}
 Y - a scroll of immolation {unknown}
Potions
 c - a potion of ambrosia
 i - 6 potions of attraction
 j - 8 potions of curing
 m - 3 potions of mutation
 p - 4 potions of heal wounds
 s - 3 potions of berserk rage
 A - a potion of haste {unknown}
 L - 2 potions of lignification
 U - 3 potions of magic


   Skills:
 + Level 11.1 Fighting
 + Level 9.0 Short Blades
 + Level 9.0 Long Blades
 + Level 11.1 Axes
 + Level 9.0 Maces & Flails
 + Level 9.0 Polearms
 + Level 9.0 Staves
 + Level 9.0 Ranged Weapons
 + Level 9.0 Throwing
 + Level 9.0 Armour
 + Level 11.1 Dodging
 + Level 9.0 Stealth
 + Level 9.0 Shields
 + Level 9.0 Unarmed Combat
 + Level 9.0 Spellcasting
 + Level 7.5 Conjurations
 + Level 7.5 Hexes
 + Level 7.5 Summonings
 + Level 7.5 Necromancy
 + Level 7.5 Translocations
 + Level 7.5 Fire Magic
 + Level 7.5 Ice Magic
 + Level 7.5 Air Magic
 + Level 7.5 Earth Magic
 + Level 7.5 Alchemy
 + Level 9.8 Invocations
 + Level 9.0 Evocations
 + Level 8.2 Shapeshifting


You had 31 spell levels left.
You didn't know any spells.
Your spell library contained the following spells:

 Spells                   Type           Power      Damage    Failure   Level
 Apportation              Tloc           42%        N/A       1%          1
 Magic Dart               Conj           84%        1d7       1%          1
 Blink                    Tloc           42%        N/A       1%          2
 Ensorcelled Hibernation  Hex/Ice        42%        N/A       1%          2
 Jinxbite                 Hex            42%        N/A       1%          2
 Passwall                 Alch/Erth      17%        N/A       1%          2
 Searing Ray              Conj           42%        2d6       1%          2
 Swiftness                Air            21%        N/A       3%          3
 Fulminant Prism          Conj/Alch      10%        3d8       12%         4
 Manifold Assault         Tloc           21%        N/A       12%         4
 Alistair's Intoxication  Alch           14%        N/A       34%         5


Dungeon Overview and Level Annotations

Branches:
Dungeon (11/15) Zot: 26217  Temple (0/1) D:7            Lair (5/5) D:8 Zot: 23067
  Swamp (0/4) Lair:3       Spider (0/4) Lair:2        Slime (0/5) Lair:4
    Orc (1/2) D:9 Zot: 5971

Altars:
Ashenzari
Cheibriados
Dithmenos
Hepliaklqana
Makhleb
Okawaru
Ru
Sif Muna
Trog
Vehumet
Wu Jian
Yredelemnul
Zin
Jiyva

Shops:
D:1 !?*=:   D:7 (((   D:10 *   D:11 *   Orc:1 [

Annotations:
D:4 1 runed translucent door, wildpjah's ghost, novice TeMo


Innate Abilities, Weirdness & Mutations

You have very sharp teeth.
Your uncanny sense of smell can sniff out nearby items.
Your experience applies equally to all skills.


Message History

The smoke demon hits you.
The smoke demon hits you but does no damage.
The warg bites you!
The orc warrior shouts! x2
You slash the orc sorcerer!
The orc sorcerer is moderately wounded.
You slash the warg! You slash the ogre! You slash the smoke demon!
You hear a shout!
The warg bites you!
The orc sorcerer hits you but does no damage.
The smoke demon completely misses you. The smoke demon barely misses you.
The smoke demon hits you but does no damage.
The ogre barely misses you. The warg bites you but does no damage.
You hit the ogre.
The ogre is almost dead.
You barely miss the orc sorcerer. You hit the warg. You slash the smoke demon!
The orc sorcerer casts a spell at you. The bolt of fire hits you! You resist.
The warg misses you.
The smoke demon hits you but does no damage. x2
The smoke demon closely misses you. The ogre barely misses you.
You slash the ogre!
You kill the ogre!
Okawaru accepts your kill.
You slash the smoke demon! You hit the orc sorcerer. You barely miss the warg.
The warg barely misses you. The smoke demon hits you.
The smoke demon closely misses you. The smoke demon barely misses you.
The warg bites you!
* * * LOW HITPOINT WARNING * * *
The orc sorcerer hits you but does no damage.
The smoke demon gestures at you. The pyre arrow hits you.
You are covered in intense liquid fire!
The orc sorcerer hits you but does no damage.
You shake off some of the fire as you move.
The liquid fire burns you!
* * * LOW HITPOINT WARNING * * *
The warg misses you.
The orc sorcerer points at you and mumbles some strange words.
The bolt of negative energy hits you!!
You feel drained.
You die...

##.#.##.......
#.....#.#....#
##............
##.....#.o.....
#........o.....
.##......ooo...>.
#........oo........
#.........h3.......
#...#...@.........
.#....#...........#
.....###.$.........
......#.<..........
.......#....$.....#
......).)..........
......)))...>.....#
.................##
......^...........


You could see an orc high priest, a smoke demon (summoned), a warg, an orc
sorcerer, 3 orc warriors and 2 orcs.

Vanquished Creatures
  Erolcha (D:10)
  Nergalle (Lair:3)
  3 skysharks (Lair:5)
  Lodul (D:10)
  A bog body (Lair:3)
  7 elephants
  3 black mambas
  6 cane toads
  Jeremiah (D:6)
  2 rime drakes
  8 komodo dragons
  Maggie (D:6)
  2 polar bears (Lair:5)
  2 trolls
  4 hornets (Lair:5)
  2 dream sheep (Lair:5)
  12 blink frogs
  A shadow (D:6)
  12 spriggans (Lair:5)
  5 wyverns
  4 basilisks
  2 wraiths
  43 yaks
  2 redbacks (Lair:2)
  4 steam dragons
  A swamp worm (Lair:3)
  2 acid dragons
  Duvessa (D:4)
  11 water moccasins
  4 orc warriors
  7 ice beasts
  2 sky beasts
  8 black bears
  12 ogres
  4 boggarts (Lair:5)
  29 wolves
  3 centaurs
  3 kobold brigands
  2 scorpions (D:6)
  16 bullfrogs
  4 gnoll sergeants
  10 wights
  Dowan (D:4)
  4 killer bees (D:7)
  2 electric eels (Lair:3)
  10 hounds
  7 orc priests
  A gnoll bouda (D:7)
  A jelly (D:7)
  5 iguanas
  10 orc wizards
  A sleepcap (D:7)
  A mummy (D:5)
  7 adders
  20 gnolls
  A shadow imp (D:8)
  4 ufetubi (D:5)
  3 dart slugs
  33 orcs
  7 bats
  5 endoplasms
  2 giant cockroaches
  6 goblins
  3 hobgoblins
  5 quokkas
  9 ball pythons
  2 frilled lizards
  14 kobolds
  5 rats
418 creatures vanquished.

Vanquished Creatures (others)
  A wight (D:8)
1 creature vanquished.

Grand Total: 419 creatures vanquished

Notes
Turn   | Place    | Note
-------+----------+-------------------------------------------
     0 | D:1      | lessens the Gnoll Monk began the quest for the Orb.
     0 | D:1      | Reached XP level 1. HP: 23/23 MP: 1/1
    20 | D:1      | Found Affuo's Book Boutique.
    67 | D:1      | Reached XP level 2. HP: 29/29 MP: 2/2
   118 | D:1      | Found Cufutor's Jewellery Shoppe.
   260 | D:1      | Found Qor Dore's General Store.
   299 | D:1      | Bought a scroll of identify for 20 gold pieces
   448 | D:1      | Found Lyrch's Distillery.
   456 | D:1      | Bought a potion of curing for 33 gold pieces
   592 | D:1      | Found Ejoeliro's Magic Scroll Boutique.
   640 | D:2      | Reached XP level 3. HP: 33/35 MP: 2/4
   656 | D:2      | Reached skill level 1 in Invocations
   761 | D:2      | Reached skill level 1 in Short Blades
   761 | D:2      | Reached skill level 1 in Long Blades
   761 | D:2      | Reached skill level 1 in Maces & Flails
   761 | D:2      | Reached skill level 1 in Polearms
   761 | D:2      | Reached skill level 1 in Staves
   761 | D:2      | Reached skill level 1 in Ranged Weapons
   761 | D:2      | Reached skill level 1 in Throwing
   761 | D:2      | Reached skill level 1 in Armour
   761 | D:2      | Reached skill level 1 in Stealth
   761 | D:2      | Reached skill level 1 in Shields
   761 | D:2      | Reached skill level 1 in Unarmed Combat
   761 | D:2      | Reached skill level 1 in Spellcasting
   761 | D:2      | Reached skill level 1 in Evocations
  1023 | D:2      | Reached XP level 4. HP: 41/41 MP: 5/5
  1062 | D:1      | Bought a scroll of teleportation for 33 gold pieces
  1167 | D:2      | Reached skill level 1 in Shapeshifting
  1461 | D:3      | Reached skill level 1 in Conjurations
  1461 | D:3      | Reached skill level 1 in Hexes
  1461 | D:3      | Reached skill level 1 in Summonings
  1461 | D:3      | Reached skill level 1 in Necromancy
  1461 | D:3      | Reached skill level 1 in Translocations
  1461 | D:3      | Reached skill level 1 in Transmutations
  1461 | D:3      | Reached skill level 1 in Fire Magic
  1461 | D:3      | Reached skill level 1 in Ice Magic
  1461 | D:3      | Reached skill level 1 in Air Magic
  1461 | D:3      | Reached skill level 1 in Earth Magic
  1461 | D:3      | Reached skill level 1 in Alchemy
  1851 | D:3      | Found a basalt altar of Yredelemnul.
  1852 | D:3      | Noticed a gnoll sergeant
  1860 | D:2      | Reached XP level 5. HP: 8/47 MP: 5/7
  2546 | D:4      | Noticed a black bear
  2559 | D:4      | Killed a black bear
  2560 | D:4      | Reached XP level 6. HP: 27/53 MP: 8/8
  2769 | D:4      | Found a runed translucent door.
  2771 | D:4      | Noticed wildpjah's ghost (novice TeMo)
  2823 | D:4      | Noticed Duvessa
  2823 | D:4      | Noticed Dowan
  3200 | D:4      | Found an iron altar of Okawaru.
  3206 | D:4      | Became a worshipper of Warmaster Okawaru
  3206 | D:4      | Reached * piety under Okawaru
  3206 | D:4      | Reached ** piety under Okawaru
  3413 | D:4      | Reached XP level 7. HP: 20/59 MP: 10/10
  3592 | D:4      | Found an ornate altar of the Wu Jian Council.
  3721 | D:5      | Entered Level 5 of the Dungeon
  3893 | D:5      | Found a bloodstained altar of Trog.
  4070 | D:5      | Found a snail-covered altar of Cheibriados.
  4614 | D:5      | Found a radiant altar of Vehumet.
  4662 | D:5      | Reached XP level 8. HP: 60/67 MP: 12/12
  4891 | D:6      | Reached *** piety under Okawaru
  5164 | D:4      | Killed Dowan
  5168 | D:4      | Killed Duvessa
  5958 | D:6      | Noticed Jeremiah
  6043 | D:6      | Reached XP level 9. HP: 68/73 MP: 14/14
  6215 | D:6      | Reached **** piety under Okawaru
  6441 | D:6      | Killed Jeremiah
  6760 | D:6      | Found a shadowy altar of Dithmenos.
  6940 | D:6      | Noticed Maggie
  7233 | D:6      | Killed Maggie
  7353 | D:7      | Reached skill level 5 in Invocations
  7711 | D:7      | Found a broken altar of Ashenzari.
  7836 | D:7      | Found a glowing silver altar of Zin.
  7864 | D:7      | Found a sacrificial altar of Ru.
  8021 | D:7      | Found Ebalaoth's Weapon Shop.
  8030 | D:7      | Found Mubliteg's Antique Weapon Shop.
  8065 | D:7      | Found Muhul's Antique Weapon Shop.
  8171 | D:7      | Reached XP level 10. HP: 67/80 MP: 17/17
  8524 | D:7      | Found a staircase to the Ecumenical Temple.
  8778 | D:8      | Reached skill level 5 in Short Blades
  8778 | D:8      | Reached skill level 5 in Long Blades
  8778 | D:8      | Reached skill level 5 in Maces & Flails
  8778 | D:8      | Reached skill level 5 in Polearms
  8778 | D:8      | Reached skill level 5 in Staves
  8778 | D:8      | Reached skill level 5 in Ranged Weapons
  8778 | D:8      | Reached skill level 5 in Throwing
  8778 | D:8      | Reached skill level 5 in Armour
  8778 | D:8      | Reached skill level 5 in Stealth
  8778 | D:8      | Reached skill level 5 in Shields
  8778 | D:8      | Reached skill level 5 in Unarmed Combat
  8778 | D:8      | Reached skill level 5 in Spellcasting
  8778 | D:8      | Reached skill level 5 in Evocations
  9048 | D:8      | Reached ***** piety under Okawaru
  9286 | D:8      | Found a staircase to the Lair.
  9478 | D:8      | Reached skill level 5 in Shapeshifting
  9584 | D:8      | Received a gift from Okawaru
  9927 | D:8      | Found a hazy altar of Hepliaklqana.
 10096 | D:9      | Reached XP level 11. HP: 65/89 MP: 19/19
 10265 | D:1      | Bought the ring "Etifrogh" {Fly rPois rC+ Str-2} for 346
                  | gold pieces
 10435 | D:9      | Reached skill level 5 in Conjurations
 10435 | D:9      | Reached skill level 5 in Hexes
 10435 | D:9      | Reached skill level 5 in Summonings
 10435 | D:9      | Reached skill level 5 in Necromancy
 10435 | D:9      | Reached skill level 5 in Translocations
 10435 | D:9      | Reached skill level 5 in Transmutations
 10435 | D:9      | Reached skill level 5 in Fire Magic
 10435 | D:9      | Reached skill level 5 in Ice Magic
 10435 | D:9      | Reached skill level 5 in Air Magic
 10435 | D:9      | Reached skill level 5 in Earth Magic
 10435 | D:9      | Reached skill level 5 in Alchemy
 10537 | D:9      | Found a burning altar of Makhleb.
 10817 | D:9      | Found a shimmering blue altar of Sif Muna.
 11252 | D:9      | Found a staircase to the Orcish Mines.
 11826 | D:10     | Entered Level 10 of the Dungeon
 11945 | D:10     | Noticed Lodul
 12162 | D:10     | Noticed Erolcha
 12167 | D:10     | Found Aeeblan's Alliterative Armaments.
 12174 | D:10     | Killed Erolcha
 12292 | D:10     | Killed Lodul
 12309 | D:10     | Reached ****** piety under Okawaru
 12310 | D:10     | Acquired a +0 executioner's axe of freezing
 12310 | D:10     | Received a gift from Okawaru
 12311 | D:10     | Acquired the +0 cloak of Faecor {rF+ Dex+2 SInv}
 12311 | D:10     | Received a gift from Okawaru
 13026 | D:11     | Found Keddosoi's General Store.
 13034 | D:11     | Bought a scroll of revelation for 97 gold pieces
 13034 | D:11     | Bought a scroll of identify for 26 gold pieces
 13034 | D:11     | Bought a potion of attraction for 39 gold pieces
 13034 | D:11     | Bought a potion of lignification for 39 gold pieces
 13034 | D:11     | Bought a scroll of fear for 52 gold pieces
 13289 | D:11     | Received a gift from Okawaru
 13499 | D:11     | Noticed a skeletal warrior
 13499 | D:11     | Noticed a skeletal warrior
 13499 | D:11     | Noticed a skeletal warrior
 13610 | Lair:1   | Entered Level 1 of the Lair of Beasts
 13864 | Lair:1   | Reached XP level 12. HP: 95/96 MP: 22/22
 14678 | Lair:2   | Noticed a skyshark
 14911 | Lair:2   | Identified the +0 helmet "Patalac" {Slay+4}
 14982 | Lair:2   | Received a gift from Okawaru
 15375 | Lair:2   | Reached skill level 10 in Fighting
 15375 | Lair:2   | Reached skill level 10 in Axes
 15375 | Lair:2   | Reached skill level 10 in Dodging
 15560 | Lair:2   | Found a hole to the Spider Nest.
 16248 | Lair:3   | Received a gift from Okawaru
 16498 | Lair:3   | Noticed Nergalle
 16524 | Lair:3   | Killed Nergalle
 17006 | Lair:3   | Found a staircase to the Swamp.
 17278 | Lair:4   | Reached XP level 13. HP: 20/104 MP: 24/24
 17402 | Lair:4   | Upgraded the game from 0.31-a0-986-g5e6e4ef867 to
                  | 0.31-a0-1074-g0b22e4e0f1
 17402 | Lair:4   | Upgraded the game from 0.31-a0-1074-g0b22e4e0f1 to
                  | 0.31-a0-1338-gb567cfdca4
 17729 | Lair:4   | Identified a scroll of acquirement
 17730 | Lair:4   | Acquired 956 gold pieces
 17753 | Lair:4   | Found a viscous altar of Jiyva.
 17753 | Lair:4   | Found a staircase to the Slime Pits.
 18161 | Lair:4   | Received a gift from Okawaru
 18421 | Lair:5   | Entered Level 5 of the Lair of Beasts
 18917 | Lair:5   | Received a gift from Okawaru
 19319 | Lair:5   | HP: 5/105 [spriggan rider/+0 spear (19)]
 19509 | Lair:5   | Received a gift from Okawaru
 20435 | Orc:1    | Entered Level 1 of the Orcish Mines
 20437 | Orc:1    | Found Urouthr Ycsu's Antique Armour Emporium.
 20447 | Orc:1    | Reached XP level 14. HP: 112/113 MP: 27/27
 20461 | Orc:1    | Killed from afar by an orc sorcerer

Illustrated notes

Levels and vault maps discovered:
D:1:      wheals_arrival_shading, layout_basic, serial_shops,
          nicolae_shop_advertising_works [nicolae_subvault_shop_adworks],
          nicolae_shop_peninsula, shop, shop, nicolae_shop_rolled_up
D:2:      layout_rooms
D:3:      layout_loops_cross, yredelemnul_altar_generic, grunt_ministairs_15
D:4:      dreamdust_elfheim, layout_basic, nicolae_wu_jian_immortal_techniques,
          okawaru_gym_becter, gammafunk_ghost_grave
D:5:      layout_gridville, lemuel_round_altar, general_overflow_altar,
          slow_altar_1
D:6:      layout_basic, mainiacjoe_overflow_alcove_1, st_stairs_6,
          uniq_jeremiah, uniq_maggie, uniq_duvessa
D:7:      layout_basic, evilmike_ruin_ashenzari,
          mainiacjoe_overflow_large_starburst, minmay_temple_entry_grid,
          minmay_misc_feat_tower, nicolae_shop_distant_corner_stores,
          nicolae_figureground_sparkle
D:8:      layout_loops_cross, mainiacjoe_overflow_24_doors,
          hellmonk_lair_entry_icy
D:9:      layout_roguey, mainiacjoe_overflow_catwalk,
          mainiacjoe_overflow_chevrons, kennysheep_orc_monster_closet_entryway
D:10:     layout_rooms, monkooky_shop_alliterative, uniq_erolcha, uniq_lodul
D:11:     layout_loops_corners, serial_shops, shop, nicolae_shop_rolling_square,
          nicolae_shop_behind_doors, nrook_uturn
Lair:1:   layout_gridlike, nicolae_lair_grove_arrangements,
          infiniplex_staircase_pool_2
Lair:2:   layout_cellular_growth, spider_nest_entry_webs, serial_bayou_shore_b
Lair:3:   layout_regular_city, nicolae_swamp_entry_splash_gauntlet,
          uniq_nergalle
Lair:4:   layout_regular_city, dpeg_slime_entry_enclosed, grunt_megastairs_5
Lair:5:   minmay_lair_end_enchanted_forest, layout_big_grid,
          small_statue_intersection
Orc:1:    layout_caves, serial_shops, nicolae_shop_trees, minmay_orc_barracks,
          uniq_jorgrun

Skill      XL: |  1  2  3  4  5  6  7  8  9 10 11 12 13 |
---------------+----------------------------------------+-----
Invocations    | 1 2 3 4 5 6 7 8 9 |  9.8
Short Blades   | 1 2 3 4 5 6 7 9 |  9.0
Long Blades    | 1 2 3 4 5 6 7 9 |  9.0
Maces & Flails | 1 2 3 4 5 6 7 9 |  9.0
Polearms       | 1 2 3 4 5 6 7 9 |  9.0
Staves         | 1 2 3 4 5 6 7 9 |  9.0
Ranged Weapons | 1 2 3 4 5 6 7 9 |  9.0
Throwing       | 1 2 3 4 5 6 7 9 |  9.0
Armour         | 1 2 3 4 5 6 7 9 |  9.0
Stealth        | 1 2 3 4 5 6 7 9 |  9.0
Shields        | 1 2 3 4 5 6 7 9 |  9.0
Unarmed Combat | 1 2 3 4 5 6 7 9 |  9.0
Spellcasting   | 1 2 3 4 5 6 7 9 |  9.0
Evocations     | 1 2 3 4 5 6 7 9 |  9.0
Shapeshifting  | 1 2 3 4 5 6 7 8 |  8.2
Conjurations   | 1 2 3 4 5 6 7 |  7.5
Hexes          | 1 2 3 4 5 6 7 |  7.5
Summonings     | 1 2 3 4 5 6 7 |  7.5
Necromancy     | 1 2 3 4 5 6 7 |  7.5
Translocations | 1 2 3 4 5 6 7 |  7.5
Transmutations | 1 2 3 4 5 6 |  0.0
Fire Magic     | 1 2 3 4 5 6 7 |  7.5
Ice Magic      | 1 2 3 4 5 6 7 |  7.5
Air Magic      | 1 2 3 4 5 6 7 |  7.5
Earth Magic    | 1 2 3 4 5 6 7 |  7.5
Alchemy        | 1 2 3 4 5 6 7 |  7.5
Fighting       | 7 8 9 10 11 | 11.1
Axes           | 7 8 9 10 11 | 11.1
Dodging        | 7 8 9 10 11 | 11.1

Action                     |  1- 3 |  4- 6 |  7- 9 | 10-12 | 13-15 || total
---------------------------+-------+-------+-------+-------+-------++-------
  Melee: Hand axe          |    74 |   188 |     5 |       |       ||   267
         Bite              |     4 |    27 |    54 |   132 |    41 ||   258
         War axe           |       |       |   129 |     9 |       ||   138
         Dagger            |       |       |   169 |   101 |       ||   270
         Broad axe         |       |       |    18 |   366 |       ||   384
         Battleaxe         |       |       |       |   299 |   346 ||   645
  Throw: Boomerang         |       |     7 |       |     9 |       ||    16
         Dart              |       |       |       |    44 |       ||    44
         Javelin           |       |       |       |     4 |     5 ||     9
 Invoke: Heroism           |       |       |       |     2 |     1 ||     3
         Receive Weapon    |       |       |       |     1 |       ||     1
         Receive Armour    |       |       |       |     1 |       ||     1
  Evoke: Wand              |       |       |    11 |    12 |    20 ||    43
    Use: Scroll            |       |       |     3 |    12 |     6 ||    21
         Potion            |       |       |     1 |     2 |     5 ||     8
   Stab: Paralysed         |       |       |     4 |     6 |     9 ||    19
         Sleeping          |       |       |       |     5 |     4 ||     9
         Distracted        |       |       |       |     1 |       ||     1
 Armour: Robe              |     2 |       |       |       |       ||     2
         Scale mail        |    33 |   153 |   142 |       |       ||   328
         Swamp dragon scal |       |       |    92 |   648 |   388 ||  1128
  Dodge: Dodged            |    63 |   144 |   224 |   703 |   476 ||  1610

Table legend: (Time is in decaauts)
 A = Elapsed time spent in this place.
 B = Non-inter-level travel time spent in this place.
 C = Inter-level travel time spent in this place.
 D = Time resting spent in this place.
 E = Time spent auto-exploring this place.
 F = Levels seen in this place.
 G = Mean time per level.
                   A        B        C        D        E       F      G
               +--------+--------+--------+--------+--------+-----+--------+
         Total |  20648 |  18477 |   2171 |   1371 |  12766 |  17 | 1214.6 |
       Dungeon |  13687 |  11834 |   1853 |   1059 |   7957 |  11 | 1244.3 |
          Lair |   6932 |   6615 |    317 |    312 |   4809 |   5 | 1386.4 |
  Orcish Mines |     27 |     27 |      0 |      0 |      0 |   1 |   27.0 |
               +--------+--------+--------+--------+--------+-----+--------+

Top non-repeatable levels by time:
  Lair:5: 1745 daAuts
     D:6: 1648 daAuts
     D:7: 1599 daAuts
     D:8: 1574 daAuts
  Lair:3: 1462 daAuts
  Lair:4: 1411 daAuts
     D:3: 1383 daAuts
     D:4: 1367 daAuts
  Lair:2: 1336 daAuts
     D:5: 1324 daAuts
     D:9: 1274 daAuts
     D:2: 1126 daAuts
    D:10: 1020 daAuts
  Lair:1: 978 daAuts
     D:1: 709 daAuts

Levels and vault maps discovered:
D:1:      wheals_arrival_shading, layout_basic, serial_shops,
          nicolae_shop_advertising_works [nicolae_subvault_shop_adworks],
          nicolae_shop_peninsula, shop, shop, nicolae_shop_rolled_up
D:2:      layout_rooms
D:3:      layout_loops_cross, yredelemnul_altar_generic, grunt_ministairs_15
D:4:      dreamdust_elfheim, layout_basic, nicolae_wu_jian_immortal_techniques,
          okawaru_gym_becter, gammafunk_ghost_grave
D:5:      layout_gridville, lemuel_round_altar, general_overflow_altar,
          slow_altar_1
D:6:      layout_basic, mainiacjoe_overflow_alcove_1, st_stairs_6,
          uniq_jeremiah, uniq_maggie, uniq_duvessa
D:7:      layout_basic, evilmike_ruin_ashenzari,
          mainiacjoe_overflow_large_starburst, minmay_temple_entry_grid,
          minmay_misc_feat_tower, nicolae_shop_distant_corner_stores,
          nicolae_figureground_sparkle
D:8:      layout_loops_cross, mainiacjoe_overflow_24_doors,
          hellmonk_lair_entry_icy
D:9:      layout_roguey, mainiacjoe_overflow_catwalk,
          mainiacjoe_overflow_chevrons, kennysheep_orc_monster_closet_entryway
D:10:     layout_rooms, monkooky_shop_alliterative, uniq_erolcha, uniq_lodul
D:11:     layout_loops_corners, serial_shops, shop, nicolae_shop_rolling_square,
          nicolae_shop_behind_doors, nrook_uturn
Lair:1:   layout_gridlike, nicolae_lair_grove_arrangements,
          infiniplex_staircase_pool_2
Lair:2:   layout_cellular_growth, spider_nest_entry_webs, serial_bayou_shore_b
Lair:3:   layout_regular_city, nicolae_swamp_entry_splash_gauntlet,
          uniq_nergalle
Lair:4:   layout_regular_city, dpeg_slime_entry_enclosed, grunt_megastairs_5
Lair:5:   minmay_lair_end_enchanted_forest, layout_big_grid,
          small_statue_intersection
Orc:1:    layout_caves, serial_shops, nicolae_shop_trees, minmay_orc_barracks,
          uniq_jorgrun
